 Dungeon Crawl Stone Soup version 0.21.1-1-g345015f (webtiles) character file.

86 RipGuy the Skirmisher (level 4, -3/39 (41) HPs)
             Began as a Ghoul Abyssal Knight on May 10, 2018.
             Was a Follower of Lugonu.
             Slain by an ogre
             ... wielding a +0 giant club
              (4 damage)
             ... on level 3 of the Dungeon.
             The game lasted 00:04:31 (3131 turns).

RipGuy the Skirmisher (Ghoul Abyssal Knight)        Turns: 3131, Time: 00:04:32

HP:   -3/39 (41)    AC:  9    Str: 16      XL:     4   Next: 50%
MP:   4/4           EV:  6    Int:  5 (7)  God:    Lugonu [*.....]
Gold: 72            SH:  0    Dex:  7 (8)  Spells: 3/3 levels left

rFire    . . .     SeeInvis +     - Unarmed
rCold    + . .     Gourm    .   (no shield)
rNeg     + + +     Faith    .   m - +0 chain mail
rPois    ∞         Spirit   .   (no helmet)
rElec    .         Reflect  .   (no cloak)
rCorr    .         Harm     .   (no gloves)
MR       .....                  l - +0 pair of boots
Stlth    ..........             (no amulet)
HPRegen  0.00/turn              c - ring of see invisible
MPRegen  0.09/turn              (no ring)

@: rotting
A: rotting body, claws 1, carnivore, cold resistance 1, negative energy
resistance 3, inhibited regeneration, torment resistance, unbreathing
a: Depart the Abyss, Renounce Religion


You were on level 3 of the Dungeon.
You worshipped Lugonu.
Lugonu was aware of your devotion.
You were not hungry.

You visited 1 branch of the dungeon, and saw 3 of its levels.
You visited the Abyss 1 time.

You collected 72 gold pieces.

Inventory:

Armour
 a - a +0 leather armour
 l - a +0 pair of boots (worn)
 m - a +0 chain mail (worn)
Jewellery
 c - a ring of see invisible (left claw)
Scrolls
 d - 3 scrolls of remove curse {unknown}
 f - 4 scrolls of magic mapping {unknown}
 i - a scroll of identify {unknown}
 j - a scroll of amnesia {unknown}
 o - a scroll of random uselessness {unknown}
 p - a scroll of teleportation {unknown}
Potions
 g - 3 potions of haste {unknown}
 h - a potion of magic {unknown}
 k - a potion of agility {unknown}
 n - a potion of heal wounds {unknown}
Comestibles
 b - 3 rations


   Skills:
 + Level 4.6 Fighting
 - Level 1.7 Armour
 - Level 0.8 Dodging
 + Level 3.8 Unarmed Combat
 - Level 2.0 Invocations


You had 3 spell levels left.
You didn't know any spells.

Dungeon Overview and Level Annotations

Branches:
Dungeon (3/15)

Altars:
Ashenzari
Cheibriados
Xom


Innate Abilities, Weirdness & Mutations

Your body is rotting away.
You thrive on raw meat.
You are immune to poison.
You have sharp fingernails.
You are carnivorous and can eat meat at any time.
Your flesh is cold resistant. (rC+)
You are immune to negative energy. (rN+++)
You do not regenerate when monsters are visible.
You are immune to unholy pain and torment.
You can survive without breathing.


Message History

The ogre is lightly wounded.
The ogre hits you with a giant club!!
Ouch! That really hurt!
* * * LOW HITPOINT WARNING * * *
Okay, then.
Firing (i - inventory): No suitable missiles.
Press: ? - help, Shift-Dir - straight line, f - ogre
Aim: an ogre, wielding a giant club (lightly wounded)
Okay, then.
Okay, then.
It was a potion of mutation.
You feel extremely strange.
Your body decomposes!
You feel dopey.
Your body decomposes!
You feel clumsy.
Your body decomposes!
You feel dopey.
Okay, then.
The ogre hits you with a giant club.
You die...

.# ###.# ..... ...# s..#
#..###### #........ #@.#
#O.# .# #..###### .#
#........ ####.#
#).###### ###....# ##[##
#.....##.###..#######
.###.....##.............
..........#####.########


You could see an ogre and a giant cockroach (wandering).

Vanquished Creatures
  An orc wizard (D:3)
  An adder (D:2)
  2 worms (D:2)
  2 dart slugs
  A leopard gecko (D:1)
  3 orcs (D:3)
  7 bats
  2 giant cockroaches (D:2)
  5 goblins (D:1)
  2 hobgoblins
  2 frilled lizards
  6 kobolds
  4 rats
38 creatures vanquished.

Notes
Turn   | Place    | Note
-------+----------+-------------------------------------------
     0 | Abyss:1  | RipGuy the Ghoul Abyssal Knight began the quest for the Orb.
     0 | Abyss:1  | Reached XP level 1. HP: 19/19 MP: 1/1
     6 | D:1      | Escaped the Abyss
   495 | D:1      | Reached XP level 2. HP: 26/27 MP: 2/2
   762 | D:1      | Reached * piety under Lugonu
   808 | D:1      | Reached skill level 4 in Fighting
  1362 | D:2      | Reached XP level 3. HP: 11/32 MP: 3/3
  1727 | D:2      | Found a snail-covered altar of Cheibriados.
  1842 | D:2      | Found a shattered altar of Ashenzari.
  2362 | D:2      | Found a shimmering altar of Xom.
  3079 | D:3      | Reached XP level 4. HP: 20/37 MP: 4/4
  3123 | D:3      | Noticed an ogre
  3128 | D:3      | HP: 1/39 [ogre/giant club (23)]
  3131 | D:3      | Slain by an ogre

Skill      XL: |  1  2  3 |
---------------+----------+-----
Fighting       | 4 |  4.6
Unarmed Combat | 3 |  3.8
Armour         | |  1.7
Dodging        | |  0.8
Invocations    | |  2.0

Action                   |  1- 3 |  4- 6 || total
-------------------------+-------+-------++-------
Melee: Unarmed           |   155 |     9 ||   164
       Punch             |     2 |       ||     2
Invok: Depart the Abyss  |     1 |       ||     1
  Use: Potion            |       |     1 ||     1
  Eat: Chunk             |     6 |     2 ||     8
Armor: Leather armour    |    70 |       ||    70
       Chain mail        |    24 |     4 ||    28
Dodge: Dodged            |   134 |     4 ||   138
